[Event "1000GM 0003 GM Norm 2022"]
[Site "Saint Louis"]
[Date "2022.09.24"]
[Round "6.4"]
[White "Kretchetov, Alexandre"]
[Black "Stearman, Josiah"]
[Result "0-1"]
[ECO "D45"]
[WhiteElo "2144"]
[BlackElo "2387"]
[Annotator "TA"]
[PlyCount "120"]
[EventDate "2022.09.21"]
[EventType "tourn"]
[EventCountry "USA"]
[SourceTitle "playchess.com"]
[Source "ChessBase"]
[SourceQuality "1"]
[TimeControl "5400+30"]

1. Nf3 d5 2. d4 Nf6 3. c4 e6 4. Nc3 c6 5. e3 Nbd7 6. Qc2 Bd6 7. b3 O-O 8. Be2 b6 9. O-O Bb7 10. Bb2 Qe7 11. Rad1 Rad8 12. Rfe1 Rfe8 13. g3 {[%emt 0:01:27] D45: Semi-Slav: 5 e3.} c5 14. cxd5 exd5 15. dxc5 {[%emt 0:10:42] The position is equal.} bxc5 {[%emt 0:00:00] [#]} 16. Nh4 $146 ({Predecessor:} 16. Bf1 Bc7 17. Bg2 Ba5 18. Rc1 Ng4 19. h3 Nge5 20. Nh4 Nf6 21. Nf5 Qe6 22. g4 {½-½ (35) Jonckheere,P (2322)-Laffranchise,L (2403) ICCF email 2015}) 16... Qe6 17. Qb1 Ne5 18. Qf5 Qe7 19. Nb5 {[%emt 0:04:08] Against d4} Bb8 20. Nf3 {[%emt 0:10:21] [#]} (20. f4 $1 $11 Bc8 21. Qb1 (21. Qg5 Ng6 $11)) 20... Neg4 $1 $17 21. Bxf6 Nxf6 22. Nc3 d4 (22... Bc7 $17 {...Ba5 is the strong threat.} 23. Bb5 Rf8) 23. exd4 $15 cxd4 24. Bd3 Qb4 (24... Qc7 {should be considered.} 25. Rxe8+ Rxe8) 25. Ne4 $11 Nxe4 26. Bxe4 g6 27. Qg5 (27. Qf6 $1 $14) 27... Bc7 ({But not} 27... Bxe4 {[#]} 28. Rxe4 $1 Rxe4 29. Qxd8+ Kg7 30. Rxd4 Rxd4 31. Qxd4+ (31. Nxd4 Bd6 $14) 31... Qxd4 32. Nxd4 $16) 28. Bxb7 Rxe1+ 29. Nxe1 {[%emt 0:05:18] And now Ba6 would win.} Qxb7 30. Qe7 {[%emt 0:02:54] Strongly threatening Rc1.} Qc6 {[%emt 0:01:32] Against Rc1} 31. Qe2 (31. Nd3 {seems wilder.} Qf3 32. Re1 Bb6 33. Ne5) 31... Ba5 32. Nf3 Bc3 33. Qd3 a5 34. Ne5 Qe6 35. Nc4 a4 36. Qc2 Re8 37. Qd3 $1 axb3 38. axb3 Qg4 39. Nd6 Re5 40. Nc4 Rh5 {[%emt 0:01:04] White should prevent ...Qh3.} 41. f3 Qe6 42. Qe4 Qh3 43. Qe2 Kg7 (43... Qd7 $15) 44. g4 Rd5 45. Qe4 Rd8 46. Qe5+ Kg8 47. Qe4 Qh4 48. Rd3 Qg5 49. Rd1 {[%emt 0:00:24] Prevents Qc1.} (49. Kg2 $15) 49... d3 (49... Qb5 $17 50. Qb1 Rb8) 50. Kg2 d2 {[%emt 0:00:39] aiming for ...Qh4. Black is more active.} 51. Qc2 $2 {[%emt 0:00:27][%mdl 8192] [#] Now White is beyond hope.} (51. Qe3 $15 Qxe3 52. Nxe3) 51... Qe7 $1 $19 {[%emt 0:00:37] Hoping for ...Qe2+.} 52. Qe4 {[%emt 0:00:25] Inhibits Qe2+.} Qh4 53. Ne3 $2 (53. Qe2 Qe1 54. Qf1) 53... Qe1 {[%emt 0:01:01] Threatens to win with ...Bd4.} 54. Kh3 Qe2 (54... Kf8 $142 55. Qc4 Qxe3) 55. Kg3 Bd4 {[%emt 0:00:56] Black mates.} 56. Qe7 Rf8 57. Nf5 Qf2+ 58. Kh3 Qxf3+ 59. Kh4 Bf2+ 60. Kg5 f6+ {[%emt 0:01:04] Weighted Error Value: White=0.58/Black=0.18 (very precise)} 0-1

[Event "1000GM 0003 GM Norm 2022"]
[Site "Saint Louis"]
[Date "2022.09.24"]
[Round "6.5"]
[White "Mardov, Dimitar"]
[Black "Williams, Justus"]
[Result "1-0"]
[ECO "E80"]
[WhiteElo "2414"]
[BlackElo "2392"]
[Annotator "TA"]
[PlyCount "79"]
[EventDate "2022.09.21"]
[EventType "tourn"]
[EventCountry "USA"]
[SourceTitle "playchess.com"]
[Source "ChessBase"]
[SourceQuality "1"]
[TimeControl "5400+30"]

1. d4 Nf6 2. c4 g6 3. f3 Bg7 4. e4 d6 5. Nc3 a6 6. Be3 Nc6 7. Qd2 Bd7 {[%emt 0:07:46] E80: King's Indian: Sämisch: Lines without early ...0-0.} 8. Bd3 h5 9. Nge2 {[%emt 0:09:50] [#]} h4 $146 {[%emt 0:04:27] White is better.} ({Predecessor:} 9... Kf8 10. h3 Qc8 11. f4 e5 12. fxe5 dxe5 13. d5 Ne7 14. Ng1 c5 15. Nf3 Ne8 {1-0 (25) Capellades Subirana,M (2266)-Lopez Corominas,A (1928) Barcelona 2012}) 10. h3 Nh5 11. d5 Ne5 12. f4 Nxd3+ 13. Qxd3 b5 14. Bd4 bxc4 15. Qxc4 e5 16. dxe6 Bxe6 17. Qd3 {[%emt 0:01:36] [#] f5 is the strong threat.} Bxd4 $1 18. Qxd4 Qf6 19. Qe3 Rb8 20. b3 O-O 21. O-O Rfe8 22. Rad1 Bd7 {[%emt 0:07:17] A mistake that costs the game.} (22... Qg7 $16) 23. Nd5 $18 Qd8 {[%emt 0:00:59] [#]} 24. f5 $1 Re5 (24... Bxf5 {was necessary.} 25. Rxf5 gxf5) 25. fxg6 fxg6 26. Nef4 {[%emt 0:00:44] Pair of Knights!} ({Not} 26. Qh6 Qg5 27. Qxg5 Rxg5 $16) 26... Qg5 27. Qa7 ({Less strong is} 27. Nxc7 Bxh3 28. Ncd5 Nxf4 29. Nxf4 Rf8 $14) 27... Nxf4 28. Rxf4 {[%emt 0:01:13] The board is on fire.} ({Weaker is} 28. Qxb8+ Re8 29. Qxe8+ Bxe8 $16) 28... Rc8 29. Qf2 Be6 30. Nf6+ Kg7 31. Rxh4 {[%emt 0:00:41] aiming for Rh7+.} Rh8 {[%emt 0:00:07] Inhibits Rh7+.} (31... Qxf6 32. Rh7+ Kxh7 33. Qxf6 Rxe4) 32. Rxh8 Kxh8 33. h4 Qh6 34. Rf1 {[%emt 0:01:13] Strongly threatening Qa7.} Rc5 $2 (34... Qg7 {keeps fighting.} 35. Qa7 Qe7 36. Qxa6 Kg7) 35. Ne8 {[%emt 0:01:27] Threatening mate with Qf6+.} Bg8 36. Qf6+ Kh7 37. Qd8 {[%emt 0:01:05] Intending Nf6+ and mate.} Qe3+ 38. Kh1 {[%emt 0:00:40] White mates.} Rc1 39. Nf6+ Kh6 40. Qf8# {[%emt 0:00:11] Weighted Error Value: White=0.12 (very precise) /Black=0.68} 1-0

[Event "1000GM 0003 GM Norm 2022"]
[Site "Saint Louis"]
[Date "2022.09.24"]
[Round "7.1"]
[White "Williams, Justus"]
[Black "Raja Harshit"]
[Result "1-0"]
[ECO "B90"]
[WhiteElo "2392"]
[BlackElo "2459"]
[Annotator "TA"]
[PlyCount "73"]
[EventDate "2022.09.21"]
[EventType "tourn"]
[EventCountry "USA"]
[SourceTitle "playchess.com"]
[Source "ChessBase"]
[SourceQuality "1"]
[TimeControl "5400+30"]

1. e4 c5 2. Nf3 d6 3. d4 cxd4 4. Nxd4 Nf6 5. Nc3 a6 6. Be3 Ng4 7. Bc1 Nf6 8. Be3 e5 9. Nf3 Be7 10. Nd2 {[%emt 0:00:56] B90: Sicilian Najdorf: Unusual White 6th moves, 6 Be3 Ng4 and 6 Be3 e5.} b5 {[%emt 0:00:29] Inhibits Nc4.} 11. a4 b4 12. Nd5 {[%emt 0:00:07] The position is equal.} Nxd5 13. exd5 O-O {[%emt 0:03:30] 13...f5 injects fresh life into this line.} 14. Nc4 {[%emt 0:01:21] [#]} f5 $146 (14... Nd7 $11) ({Predecessor (2):} 14... Nd7 15. a5 f5 16. f3 Qe8 17. Be2 Rb8 18. O-O f4 19. Ba7 Ra8 20. Bf2 Qh5 21. Kh1 Rf6 22. g4 fxg3 23. Bxg3 {½-½ (37) Erigaisi,A (2675)-Can,E (2578) Fagernes 2022}) 15. Bb6 $36 {[%emt 0:03:53][%mdl 2048] White is pushing. White is more active.} Qe8 16. Bc7 Qg6 {[%emt 0:10:06] [#]} 17. Nb6 (17. Nxe5 $1 $16 Qf6 (17... Qe8 18. Be2) 18. Nc4) 17... Bb7 (17... Ra7 $1 $11 {remains equal.} 18. Bxb8 Rb7) 18. Nxa8 $16 Bxa8 {[%emt 0:00:04] [#]} 19. Ba5 $1 f4 20. Be2 Nd7 (20... Qxg2 $16 {was called for.} 21. Bf3 Qh3) 21. Qd3 (21. Bxb4 Rb8 $16) (21. O-O $18) 21... e4 (21... Qxg2 $16 22. Bf3 Qh3) 22. Qh3 $18 (22. Qxa6 Qxg2 23. O-O-O Qxf2 $11) 22... Ne5 {[%emt 0:02:20] Hoping for ...f3.} 23. O-O-O (23. Bxb4 f3 24. gxf3 exf3 $15) (23. Bxa6 $2 Bxd5 24. O-O-O (24. Bxb4 $2 e3 $19) 24... Be6 $17) 23... Rf5 $2 (23... Bb7) 24. Bxa6 Ng4 (24... Rf8 {is a better defense.} 25. Bxb4 Ng4) 25. Bc8 {[%emt 0:01:05] White is clearly winning.} Rg5 26. Be6+ Kf8 27. Bb6 Nf6 28. Qb3 Rxg2 29. Qxb4 e3 30. Qxf4 ({Less strong is} 30. Qa5 Bb7 $18) 30... Rxf2 31. Qc4 Bb7 32. Bxe3 Ba6 33. Qb3 Rf3 34. Qb8+ Ne8 35. Rhg1 Qe4 36. Bd4 Bg5+ 37. Kb1 {[%emt 0:00:02] Weighted Error Value: White=0.15 (very precise) /Black=0.48} 1-0

[Event "1000GM 0003 GM Norm 2022"]
[Site "Saint Louis"]
[Date "2022.09.24"]
[Round "7.2"]
[White "Stearman, Josiah"]
[Black "Mardov, Dimitar"]
[Result "0-1"]
[ECO "A27"]
[WhiteElo "2387"]
[BlackElo "2414"]
[Annotator "TA"]
[PlyCount "92"]
[EventDate "2022.09.21"]
[EventType "tourn"]
[EventCountry "USA"]
[SourceTitle "playchess.com"]
[Source "ChessBase"]
[SourceQuality "1"]
[TimeControl "5400+30"]

1. c4 e5 2. Nc3 Nc6 3. Nf3 Bb4 4. Nd5 Be7 5. d4 d6 6. e4 {[%emt 0:00:04] A27: English Opening: Three Knights Variation.} Bg4 {[%emt 0:06:55] [#]} 7. Qa4 $146 ({Predecessor:} 7. dxe5 dxe5 8. Be3 Bb4+ 9. Nxb4 Qxd1+ 10. Rxd1 Nxb4 11. Rd2 c6 12. Nxe5 Bh5 13. a3 {1-0 (23) Sandocal,U (1652)-Lipsits,S (1505) LSS email 2014}) 7... Bd7 (7... Bxf3 $11 8. gxf3 exd4) 8. dxe5 $14 {[%emt 0:00:13] White is slightly better.} Nxe5 9. Qb3 Nxf3+ 10. gxf3 Nf6 11. Qxb7 Nxd5 12. Qxd5 Bf6 13. Rb1 O-O 14. b3 Be6 15. Qd2 c6 16. Ba3 (16. Be2 $11) 16... Be5 $15 17. Bb2 Qf6 18. Be2 d5 19. exd5 cxd5 20. Bxe5 Qxe5 21. O-O $1 Bh3 {[%emt 0:10:41] [#] Hoping for ...Qf6.} 22. Rfe1 Qf6 {[%emt 0:00:54] ( -> ...Qg6+)} 23. Kh1 dxc4 ({Much worse is} 23... Qg6 24. Bf1 Bxf1 25. Rxf1 $11) 24. bxc4 Rad8 25. Qb2 Qh4 (25... Rd4 $1 $15) 26. Qe5 $11 ({Of course not} 26. Rg1 g6 27. Bf1 Bxf1 28. Rgxf1 Rd4 $15) 26... Rfe8 $40 {[%emt 0:02:16][%mdl 128] Black attacks.} 27. Qg3 Qh6 28. Bd3 Be6 29. Re3 Qf6 30. c5 {[%emt 0:00:38] Black must now prevent c6.} h5 31. h4 Bd5 {[%emt 0:04:30] And now ...Rxe3 would win.} 32. Be4 Bxe4 33. fxe4 Qc6 34. Qg5 $2 {[%emt 0:04:16][%mdl 8192] [#] White does not recover from this.} (34. Qf4 $11 {and White is okay.}) 34... Rxe4 $1 $19 35. Rxe4 (35. Qg2 Rxh4+) 35... Qxe4+ {[%emt 0:00:12][%mdl 4096] Endgame KQR-KQR} 36. Kh2 f6 37. Qc1 Qxh4+ 38. Kg1 Qg4+ 39. Kf1 $2 (39. Kh2 Rd3 40. Qf1 Qf4+ 41. Kg1) 39... Qh3+ (39... Re8 40. Qc2 $17) 40. Kg1 Rd4 {[%emt 0:01:14][%cal Rd4g4] Prevents Qf4.} 41. Rb8+ Kh7 42. Qc2+ f5 43. Rb3 Qg4+ 44. Kh2 $2 (44. Rg3 Rc4 45. Qd3 Rc1+ 46. Kg2) 44... Qf4+ $2 ({Inferior is} 44... Rc4 45. Rc3 Re4 46. Re3 $17) (44... Rd1 45. Rg3 Qh4+ 46. Rh3 Qf4+ 47. Kg2 Rd2 48. Qxd2 Qxd2 49. Rxh5+ Kg6) 45. Kh3 $2 (45. Kg2) 45... Rd2 46. Qc3 Qg4+ {[%emt 0:00:05] Weighted Error Value: White=0.64/Black=0.32} 0-1

[Event "1000GM 0003 GM Norm 2022"]
[Site "Saint Louis"]
[Date "2022.09.24"]
[Round "7.3"]
[White "Tugstumur, Yesuntumur"]
[Black "Kretchetov, Alexandre"]
[Result "1-0"]
[ECO "A48"]
[WhiteElo "2375"]
[BlackElo "2144"]
[Annotator "TA"]
[PlyCount "107"]
[EventDate "2022.09.21"]
[EventType "tourn"]
[EventCountry "USA"]
[SourceTitle "playchess.com"]
[Source "ChessBase"]
[SourceQuality "1"]
[TimeControl "5400+30"]

1. Nf3 Nf6 2. b3 g6 3. Bb2 Bg7 4. e3 O-O 5. Be2 b6 6. O-O Bb7 7. d4 d6 8. c4 Nbd7 9. Nbd2 e6 {[%emt 0:03:40][%cal Be7e6,Be6e5,Be5e4][%mdl 32] A48: 1 d4 Nf6 2 Nf3 g6: Torre, London and Colle Systems.} 10. Qc2 Qe7 {[%emt 0:00:16] has lost popularity (10...c5).} 11. b4 c5 {[%emt 0:01:38] [#] The position is equal.} 12. Bc3 $146 ({Predecessor:} 12. dxc5 dxc5 13. b5 e5 14. e4 Rfd8 15. Rfe1 Ne8 16. Nb1 Nc7 17. Nc3 Ne6 18. Nd5 {½-½ (69) Chen,Z (1793)-Gu,J (2085) Liaocheng 2021}) 12... Rfc8 13. dxc5 dxc5 14. b5 e5 15. Qb2 Ne8 16. Rfd1 e4 17. Ne1 Ne5 18. Qc2 f5 19. Rac1 a5 20. Nb1 Rd8 21. Bb2 Nd6 22. Rd2 g5 23. Bxe5 Qxe5 24. Qd1 Nf7 25. Bh5 {[%emt 0:00:50] [#] Strongly threatening Bxf7+.} Qe7 26. Bxf7+ Kxf7 27. Qh5+ Kg8 28. h4 Rxd2 29. Nxd2 h6 (29... gxh4 $142 30. Qxf5 Rf8) 30. hxg5 $17 Qxg5 31. Qh2 {[%emt 0:08:06] Black must now prevent Qc7.} Qe7 {[%emt 0:01:21] Against Qc7} (31... Re8 {is more complex.} 32. Qd6 Qd8 33. Qg6 Bc8) 32. Nf1 Rd8 {[%emt 0:00:36] Against Rd1} 33. Qh5 Qg5 34. Qe2 Bc8 35. g3 Qg4 36. Qxg4 fxg4 37. Ng2 Be6 38. Nf4 {[%emt 0:00:28] [#]} Bf7 (38... Kf7 $1 $17) 39. Rc2 $11 Be5 40. Rd2 Rxd2 41. Nxd2 {[%emt 0:00:04] Nd5 is the strong threat.} Bxf4 ({Black should play} 41... Bc7 $14) 42. exf4 {[%emt 0:00:05][%mdl 4096] Endgame KB-KN} Kg7 43. Kf1 Kg6 44. Ke2 h5 $2 (44... Kf5 45. Ke3 Ke6) 45. Ke3 $18 {[%emt 0:00:55] White is clearly winning.} Kf5 (45... Kf6 $142 46. Kxe4 (46. Nxe4+ Ke7 $16) 46... a4) 46. Nxe4 Bg8 47. Nd6+ Kf6 48. Ke4 Be6 49. f5 Bg8 50. Kf4 Bh7 51. Ne4+ Ke7 52. Ke5 {[%emt 0:00:14] Nf6 would kill now.} Bg8 53. Nd6 {[%emt 0:01:04] And now Nc8+ would win.} a4 54. Nc8+ {[%emt 0:00:29] What a bad dream for Black.  Weighted Error Value: White=0.09 (flawless) /Black=0.32} (54. f6+ $142 Kd8 55. f7 Bxf7 56. Nxf7+ Ke7 57. Ng5) 1-0

[Event "1000GM 0003 GM Norm 2022"]
[Site "Saint Louis"]
[Date "2022.09.24"]
[Round "7.4"]
[White "Gedajlovic, Max"]
[Black "Chandra, Akshat"]
[Result "1/2-1/2"]
[ECO "B30"]
[WhiteElo "2343"]
[BlackElo "2471"]
[Annotator "TA"]
[PlyCount "62"]
[EventDate "2022.09.21"]
[EventType "tourn"]
[EventCountry "USA"]
[SourceTitle "playchess.com"]
[Source "ChessBase"]
[SourceQuality "1"]
[TimeControl "5400+30"]

1. e4 c5 2. Nf3 Nc6 3. Bb5 e6 4. O-O Nge7 5. d4 cxd4 6. Nxd4 Ng6 {[%emt 0:03:21] B30: Sicilian: 2...Nc6 3 Bb5, lines without ...g6.} 7. Be3 Be7 8. Be2 O-O {[%emt 0:01:17] White has an edge.} 9. c4 Nxd4 {[%emt 0:04:12] 9...b6 is the fancy move.} 10. Qxd4 b6 11. Nc3 Bb7 12. Rad1 Bc6 13. Qd2 {[%emt 0:05:22] [#]} Qb8 $146 ({Predecessor:} 13... Bb4 14. f3 Qf6 15. Rc1 Bc5 16. Rfd1 Qe5 17. g3 Rad8 18. f4 Qb8 19. Bxc5 bxc5 {1-0 (45) Nihal,S (2652)-Ivic,V (2610) Belgrade 2022}) 14. a3 f5 15. exf5 Nh4 16. f3 (16. Bf4 $14 Qe8 17. f3) 16... Nxf5 $11 17. Bf2 Bd6 18. g3 Bxg3 19. hxg3 Nxg3 20. Qd6 Qxd6 21. Rxd6 Nxf1 22. Kxf1 Rf5 23. Ne4 Bxe4 (23... Raf8 $11 24. Nd2 g5) 24. fxe4 $14 Rf4 {[#] Hoping for ...Raf8.} 25. Kg2 (25. Rxd7 $2 Raf8 26. Ke1 Rxf2 $19) (25. Ke1 $5 ) 25... Raf8 {[%emt 0:00:07] The position is equal.} 26. Bg3 Rxe4 27. Bd3 Re3 {[%emt 0:03:20] White must now prevent ...Rff3.} 28. Bf2 $1 {[%emt 0:05:37] This bishop pair is nice.} (28. Rxd7 $2 Rff3 29. Rd8+ Kf7 $19) 28... Ref3 29. Bg3 Re3 {[%emt 0:05:09] [#] aiming for ...Rff3.} 30. Bf2 $1 ({Don't blunder} 30. Rxd7 $2 Rff3 31. Bxh7+ (31. Rd8+ $2 Kf7 $19) 31... Kxh7 $19) 30... Ref3 31. Bg3 Re3 {[%emt 0:01:30] Weighted Error Value: White=0.07 (flawless) /Black=0.07 (flawless)} 1/2-1/2

[Event "1000GM 0003 GM Norm 2022"]
[Site "Saint Louis"]
[Date "2022.09.24"]
[Round "7.5"]
[White "Antipov, Mikhail Al."]
[Black "Kaliksteyn, Alexander"]
[Result "1-0"]
[ECO "B79"]
[WhiteElo "2603"]
[BlackElo "2393"]
[Annotator "TA"]
[PlyCount "67"]
[EventDate "2022.09.21"]
[EventType "tourn"]
[EventCountry "USA"]
[SourceTitle "playchess.com"]
[Source "ChessBase"]
[SourceQuality "1"]
[TimeControl "5400+30"]

1. e4 c5 2. Nf3 d6 3. d4 cxd4 4. Nxd4 Nf6 5. Nc3 g6 6. Be3 Bg7 7. f3 Nc6 8. Qd2 O-O 9. Bc4 Bd7 10. O-O-O Qa5 11. Kb1 Rfc8 12. Bb3 Ne5 13. h4 Nc4 14. Bxc4 Rxc4 15. Nb3 Qc7 16. Bd4 Be6 17. h5 a5 18. hxg6 {[%emt 0:12:32] B79: Sicilian Dragon: Yugoslav Attack, 9 Bc4 Bd7 10 0-0-0 Qa5.} hxg6 19. Be3 $5 {[%emt 0:05:21][%mdl 4] An interesting side line.} Rc8 (19... a4 $16) 20. Nb5 $18 {[%emt 0:10:11][%csl LRa5,LRc7] White is clearly better.} Qd7 {[%emt 0:04:36] [#]} 21. N3d4 $146 {[%emt 0:00:35] White is more active.} ({Predecessor:} 21. Na3 Ra4 22. Bh6 Bh8 23. Bg5 Bg7 24. Bh6 Bh8 25. Bg5 Bg7 {½-½ (25) Groszpeter,A (2524)-Mutschnik,I (2410) Deizisau 2005}) 21... Rb4 22. Nc3 Rbc4 {[%emt 0:05:48][%cal Oc4c3] [#]} 23. Nce2 b5 24. b3 (24. Qxa5 $6 Ra4 25. Qxb5 Bxa2+ 26. Kc1 Bc4 27. Qxd7 Nxd7 $11) 24... R4c7 (24... R4c5 {might work better.} 25. Rc1 (25. Qxa5 Qc7 $18) (25. Nxe6 Rxc2 26. Qd3 fxe6 $11) 25... b4 26. Nxe6 Qxe6) 25. Bh6 ({But not} 25. Qxa5 $6 Nh5 26. Qd2 (26. c3 Rb7 $16) 26... b4 $18) 25... Bh8 26. g4 ({Don't take} 26. Qxa5 $6 Ra7 27. Qxb5 Rb7 28. Qxd7 Bxd7 $18) 26... Bxg4 27. fxg4 {[%emt 0:01:18] Strongly threatening Qe3.} Nxe4 $2 (27... Rc5 {is tougher.} 28. e5 (28. Qxa5 Qxg4 29. Bc1 Qxe4 $16) 28... Rxe5) 28. Qf4 Nc3+ 29. Nxc3 {[%emt 0:00:06][%cal Oh6f8] Hoping for Bf8!} Rxc3 30. Rdf1 e5 31. Qh2 {[%emt 0:00:06][%cal Oh6g5] White wants to mate with Bg5!} exd4 32. Bg5 {[%emt 0:00:08][%csl Gh1][%cal Rh2h8] White mates.} Bg7 33. Qh7+ Kf8 {[%emt 0:00:14] [#]} 34. Qh8+ $3 {[%emt 0:00:08][%mdl 512] Black did not feel at home in the position after the opening.  Weighted Error Value: White=0.00 (flawless) /Black=0.72} 1-0

[Event "1000GM 0003 GM Norm 2022"]
[Site "Saint Louis"]
[Date "2022.09.25"]
[Round "8.1"]
[White "Raja Harshit"]
[Black "Kaliksteyn, Alexander"]
[Result "1/2-1/2"]
[ECO "B48"]
[WhiteElo "2459"]
[BlackElo "2393"]
[Annotator "TA"]
[PlyCount "87"]
[EventDate "2022.09.21"]
[EventType "tourn"]
[EventCountry "USA"]
[SourceTitle "playchess.com"]
[Source "ChessBase"]
[SourceQuality "1"]
[TimeControl "5400+30"]

1. e4 c5 2. Nf3 e6 3. d4 cxd4 4. Nxd4 Nc6 5. Nc3 Qc7 6. Be3 a6 7. g4 {[%emt 0:00:13] B48: Sicilian: Taimanov: 5 Nc3 Qc7 6 Be3 a6 without Be2.} b5 8. Nxc6 Qxc6 9. Qd2 {[%emt 0:00:11] The position is equal.} b4 10. Ne2 Qxe4 11. Rg1 Qc4 12. Ng3 Qc7 13. O-O-O Ne7 14. Nh5 {[%emt 0:01:09][%mdl 1024] White has compensation.} Nd5 15. Bd4 Rg8 (15... Qxh2 $2 16. Rg3 Qh4 17. Bg2 $18 (17. Nxg7+ Bxg7 18. Bxg7 Rg8 $14)) 16. Qd3 g6 (16... Qxh2 $2 17. Qxh7 Qxg1 18. Qxg8 $18) 17. Bg2 $1 gxh5 18. Bxd5 {[%emt 0:00:06] Active counter play!} Bb7 (18... exd5 $2 19. Rde1+ Be7 20. Qxh7 Qf4+ 21. Be3 Qxe3+ 22. Rxe3 $18) 19. Bxb7 Qxb7 20. g5 Qd5 21. h4 (21. f4 $5 Bg7 22. Bf2 (22. Qxh7 Bxd4 23. Qxg8+ Ke7 $11) 22... Qxd3 23. Rxd3 $11) 21... Qxa2 22. b3 {[%emt 0:00:13] And now f4 would win.} Rc8 $1 {[%emt 0:01:18] [#]} 23. f4 $146 {[%emt 0:00:07] Strongly threatening f5.} ({Predecessor:} 23. Rg3 Rc6 24. Qxh7 Rg6 25. Bb2 Bg7 26. Qg8+ Bf8 27. Qh7 Bg7 28. Qg8+ Bf8 29. Qh8 {1-0 (38) Grandelius,N (2645)-Movsesian,S (2607) Chartres 2022}) 23... d5 ({Resist} 23... Bd6 24. Rgf1 f5 25. gxf6 $16) (23... Rc7 $5 ) 24. Kd2 $40 {[%emt 0:00:29][%mdl 128] Black must now prevent Ra1. White mounts an attack.} (24. f5 $5 Bc5 25. Bb2 Bxg1 26. Rxg1 $11) 24... Bg7 {[%emt 0:14:34] Threatens to win with ...Bxd4.} 25. Ra1 $1 Qxc2+ 26. Qxc2 {[%emt 0:00:05] Chess con chili.} Rxc2+ 27. Kxc2 Bxd4 {[%emt 0:00:06] [#]} 28. Rxa6 $1 Bxg1 $14 {[%emt 0:00:23][%mdl 4096] Endgame KRB-KR} 29. Ra8+ Ke7 30. Rxg8 {[%emt 0:00:07] KR-KB} Bf2 (30... Bh2 $14) 31. Rh8 Bxh4 32. Rxh7 {[%emt 0:00:06] g6 is the strong threat.} Kf8 (32... Bg3 $2 33. g6 Kf8 34. Rxf7+ Kg8 35. Kd3 $18) 33. Kd3 Bg3 34. f5 ({But not} 34. Rxh5 $6 Bxf4 35. Kd4 Ke7 $11) 34... exf5 35. Rxh5 Be5 36. Rh6 f6 {[%emt 0:02:07] [#]} 37. gxf6 (37. Rh7 $1 $16) 37... Kf7 {[%emt 0:00:20] White is slightly better.} 38. Ke3 Ke6 39. f7+ Kxf7 40. Rb6 Bc3 41. Kf4 d4 42. Kxf5 d3 43. Rb7+ Kf8 44. Ke4 {[%emt 0:00:32] Weighted Error Value: White=0.05 (flawless) /Black=0.08 (flawless)} 1/2-1/2

[Event "1000GM 0003 GM Norm 2022"]
[Site "Saint Louis"]
[Date "2022.09.25"]
[Round "8.2"]
[White "Chandra, Akshat"]
[Black "Antipov, Mikhail Al."]
[Result "1/2-1/2"]
[ECO "D02"]
[WhiteElo "2471"]
[BlackElo "2603"]
[Annotator "TA"]
[PlyCount "53"]
[EventDate "2022.09.21"]
[EventType "tourn"]
[EventCountry "USA"]
[SourceTitle "playchess.com"]
[Source "ChessBase"]
[SourceQuality "1"]
[TimeControl "5400+30"]

1. d4 Nf6 2. Nf3 g6 3. Nbd2 d5 4. b4 Bg7 5. e3 a5 6. b5 {[%emt 0:00:06] D02: 1 d4 d5 2 Nf3 sidelines, including 2...Nf6 3 g3 and 2...Nf6 3 Bf4.} c5 7. bxc6 Nxc6 {[%emt 0:00:05] The main line 7...Nxc6 scores better than 7...bxc6.} 8. a4 {[%emt 0:02:12] White is slightly better.} O-O 9. Bb5 Bf5 {[%emt 0:01:21] Threatening ...Nb4.} 10. O-O Rc8 11. Bb2 {[%emt 0:15:13] [#]} Ne8 $146 ({Predecessor:} 11... Ne4 12. Nxe4 Bxe4 13. c3 e5 14. Ba3 Re8 15. Rc1 Bf8 16. Bxf8 Bxf3 17. Qxf3 Rxf8 {1-0 (41) Xiong,J (2679)-Sorokin,A (2531) Chicago 2019}) 12. c3 Nd6 13. Be2 e5 14. Nxe5 Nxe5 15. dxe5 Bxe5 16. Nf3 Qb6 17. Nxe5 {[%emt 0:14:22] Black must now prevent Ba3.} Qxb2 18. Qxd5 Rfd8 19. Bg4 Bxg4 20. Nxg4 Qxc3 21. h3 {[%emt 0:20:09][%cal Oa1c1] aiming for Rac1!} (21. Rad1 $5 ) 21... Kg7 $2 {[%emt 0:25:17][%mdl 8192] [#]} (21... h5 $11 22. Nh2 (22. Ne5 Rc5 $17) 22... Rc5) 22. Rac1 $1 $18 ({Inferior is} 22. Qg5 f5 23. Qe7+ Nf7 $11) 22... Qxc1 23. Qd4+ Kf8 24. Qh8+ {[%emt 0:03:25][%mdl 1024] White has strong compensation.} Ke7 {[%emt 0:00:01] [#]} 25. Qe5+ ({But not} 25. Qf6+ $6 Ke8 26. Rxc1 Rxc1+ 27. Kh2 Kd7 $16) 25... Kf8 26. Qh8+ ({Only move:} 26. Rxc1 $18 Rxc1+ 27. Kh2) 26... Ke7 $16 27. Qe5+ {[%emt 0:00:03] Weighted Error Value: White=0.20 (precise) /Black=0.30} (27. Qf6+ $16 Ke8 28. Qe5+ (28. Rxc1 Rxc1+ 29. Kh2 Kd7 $16) 28... Kf8 29. Rxc1 Rxc1+ 30. Kh2) 1/2-1/2